 Dungeon Crawl Stone Soup version 0.18.1-50-g88ac8fd (webtiles) character file.

877841 Peloso the Minotaur Barricade (level 27, -8/270 (273) HPs)
             Began as a Minotaur Fighter on Sept 15, 2016.
             Was the Champion of Okawaru.
             Mangled by a reaper
             ... wielding a +1 scythe of venom
              (26 damage)
             ... on level 5 of the Iron City of Dis on Sept 16, 2016.
             The game lasted 06:23:49 (101254 turns).

Peloso the Minotaur Barricade (Minotaur Fighter)  Turns: 101254, Time: 06:23:50

HP:   -8/270 (273)  AC: 40    Str: 42    XL:     27
MP:   40/40         EV: 15    Int:  5    God:    Okawaru [******]
Gold: 11926         SH: 31    Dex: 16    Spells: 1 memorised, 37 levels left

rFire  + + +     SeeInvis +     D - +9 double sword (venom)
rCold  + . .     Gourm    .     X - +7 gold dragon armour
rNeg   + + .     Faith    .     K - +1 large shield {reflect}
rPois  +         Spirit   .     V - +2 hat
rElec  +         Dismiss  .     h - +0 cloak "Puhol" {rPois rF+ Str+6 SInv}
rCorr  .         Reflect  +     U - +2 pair of gloves "Vengyfar" {rF+ MR+ Slay+3}
SustAt .         Harm     .     Y - +2 pair of boots of Twilight {rElec rN+ MP+9}
MR     ++++.     Rnd*Rage +     e - amulet "Luxkovol" {Regen+ Int+2 Slay+3}
Stlth  ..........               m - +5 ring of strength
                                J - ring "Reosub" {rN+ MR+ Str+4 Dex+3 Stlth+}

@: incredibly resistant to hostile enchantments, extremely unstealthy
A: retaliatory headbutt, hooves 1, horns 2, berserk 1, blurry vision 2, deformed
body, dopey 1, low mp 1, screaming 3, weak 2
a: Heroism, Finesse, Renounce Religion
}: 5/15 runes: serpentine, barnacled, slimy, silver, golden


You were on level 5 of the Iron City of Dis.
You worshipped Okawaru.
Okawaru was exalted by your worship.
You were very hungry.

You visited 15 branches of the dungeon, and saw 70 of its levels.
You visited the Abyss 3 times.
You visited 1 bazaar.
You also visited: Trove, Sewer, Ossuary and Wizlab.

You collected 12352 gold pieces.
You spent 426 gold pieces at shops.

Inventory:

Hand Weapons
 D - a +9 double sword of venom (weapon)
 T - a +5 demon blade of electrocution
Armour
 a - the +5 crystal plate armour of Itzarr {rF++ MR- rCorr Str+2}
   (Okawaru gifted it to you on level 5 of the Realm of Zot)

   It affects your strength (+2).
   It greatly protects you from fire.
   It affects your resistance to hostile enchantments.
   It protects you from acid and corrosion.
 b - the +0 shield of the Manifold Runes {rN+ Slay+4}
   (You found it in a treasure trove)

   It affects your accuracy and damage with ranged weapons and melee attacks
   (+4).
   It protects you from negative energy.
 h - the +0 cloak "Puhol" (worn) {rPois rF+ Str+6 SInv}
   (Okawaru gifted it to you on level 2 of the Vaults)

   It affects your strength (+6).
   It protects you from fire.
   It protects you from poison.
   It lets you see invisible.
 x - a +1 large shield of protection
 B - a +1 pair of boots of flying
 K - a +1 large shield of reflection (worn)
 U - the +2 pair of gloves "Vengyfar" (worn) {rF+ MR+ Slay+3}
   (You found it on level 3 of the Tomb of the Ancients)

   It affects your accuracy and damage with ranged weapons and melee attacks
   (+3).
   It protects you from fire.
   It affects your resistance to hostile enchantments.
 V - a +2 hat (worn)
 X - a +7 gold dragon armour (worn)
 Y - the +2 pair of boots of Twilight (worn) {rElec rN+ MP+9}
   (You found it on level 2 of the Vaults)

   It insulates you from electricity.
   It protects you from negative energy.
   It affects your magic capacity (+9).
Jewellery
 e - the amulet "Luxkovol" (around neck) {Regen+ Int+2 Slay+3}
   (You found it on level 6 of the Pits of Slime)

   [amulet of regeneration]

   It affects your intelligence (+2).
   It affects your accuracy and damage with ranged weapons and melee attacks
   (+3).
   It increases your rate of regeneration.
 j - the amulet of Tymmauz {Spirit rPois rF- Str+6 SInv}
   (You found it on level 5 of the Vaults)

   [amulet of guardian spirit]

   It causes incoming damage to be split between your health and magic.
   It affects your strength (+6).
   It makes you vulnerable to fire.
   It protects you from poison.
   It lets you see invisible.
 m - a +5 ring of strength (right hand)
 J - the ring "Reosub" (left hand) {rN+ MR+ Str+4 Dex+3 Stlth+}
   (You found it on level 5 of the Vaults)

   [ring of positive energy]

   It affects your strength (+4).
   It affects your dexterity (+3).
   It protects you from negative energy.
   It affects your resistance to hostile enchantments.
   It makes you more stealthy.
Wands
 i - a wand of digging (6/24)
 M - a wand of teleportation (2/9)
 N - a wand of heal wounds (7/9)
 O - a wand of disintegration (11/24)
Scrolls
 g - 7 scrolls of identify
 k - 32 scrolls of remove curse
 o - 7 scrolls of magic mapping
 q - 10 scrolls of recharging
 w - 11 scrolls of blinking
 y - 21 scrolls of teleportation
 z - 6 scrolls of summoning
Potions
 c - 3 potions of resistance
 t - 8 potions of agility
 v - 5 potions of might
 C - 4 potions of berserk rage
 F - 7 potions of haste
 G - 5 potions of invisibility
 L - 21 potions of curing
 P - 9 potions of heal wounds
Miscellaneous
 d - the horn of Geryon
Comestibles
 f - 40 bread rations
 p - 36 meat rations


   Skills:
 O Level 27 Fighting
 O Level 27 Long Blades
 + Level 2.4 Throwing
 O Level 27 Armour
 + Level 9.6 Dodging
 + Level 8.3 Stealth
 O Level 27 Shields
 + Level 2.7 Unarmed Combat
 + Level 9.6 Spellcasting
 + Level 11.5 Necromancy
 + Level 10.0 Transmutations
 + Level 18.9 Invocations
 + Level 15.3 Evocations


You had 37 spell levels left.
You knew the following spells:

 Your Spells              Type           Power        Failure   Level  Hunger
a - Necromutation         Trmt/Necr      ##........   100%        8    #######


Dungeon Overview and Level Annotations

Branches:
Dungeon (15/15)            Temple (0/1) D:7            Lair (8/8) D:8
 Shoals (4/4) Lair:3        Snake (4/4) Lair:6        Slime (6/6) Lair:6
    Orc (2/2) D:11            Elf (3/3) Orc:2        Vaults (5/5) D:14
  Crypt (3/3) Vaults:3       Tomb (3/3) Crypt:3      Depths (5/5) D:15
   Hell (1/1)                 Dis (5/7) Hell            Geh (0/7) Hell
    Coc (0/7) Hell            Tar (1/7) Hell            Zot (5/5) Depths:5

Altars:
Ashenzari
Cheibriados
Dithmenos
Elyvilon
Fedhas
Gozag
Makhleb
Nemelex Xobeh
Okawaru
Pakellas
Ru
Sif Muna
Trog
Vehumet
Xom
Yredelemnul
Zin
The Shining One
Jiyva

Shops:
D:5 :   D:9 !*   D:14 %   D:15 *   Orc:2 !}![   Elf:1 [   Shoals:3 }
Vaults:2 %

Portals:
Hell: Depths:1 Depths:2 Depths:3 Depths:4 Depths:5
Abyss: Depths:3 Depths:4 Depths:5
Pandemonium: Depths:3
Ziggurat: Depths:2

Annotations:
Depths:5 4 runed doors
Dis:5 12 runed doors


Innate Abilities, Weirdness & Mutations

You reflexively headbutt those who attack you in melee.
You have a pair of horns on your head.
You have large cloven feet.
You tend to lose your temper in combat.
Scrolls take you longer to read.
Armour fits poorly on your strangely shaped body.
You are dopey. (Int -2)
Your magical capacity is low (-10% MP).
You frequently scream uncontrollably at your foes.
You are very weak. (Str -4)


Message History

* * * LOW HITPOINT WARNING * * *
You closely miss the tormentor.
The tormentor is severely wounded.
The tormentor closely misses you. You furiously retaliate!
You headbutt the tormentor!
You kill the tormentor!
Okawaru accepts your kill.
Unknown command.
You slice the golden dragon zombie like a ripe choko!!!
You hear a bark!
The golden dragon zombie bites you.
* * * LOW HITPOINT WARNING * * *
The golden dragon zombie claws you but does no damage.
You block the golden dragon zombie's attack.
The reaper hits you from afar with a scythe of freezing!
* * * LOW HITPOINT WARNING * * *
The reaper freezes you.
* * * LOW HITPOINT WARNING * * *
The reaper hits you from afar with a scythe of venom!!
You die...

#...# #...# #...# #..#
#...# #..# #
#...#####..# .#
#..2.......######.#
#.................#
#..@..............##
#'###.Z................#
.....2............∩.....
.....#########.+++++++++
####. #.+ # ##+


You could see 2 reapers and a golden dragon zombie.

Vanquished Creatures
  the Royal Jelly (Slime:6)
  5 orbs of fire (Zot:5)
  6 ancient liches
  Mara (Tomb:1)
  Sojobo (Tomb:1)
  36 greater mummies
  Boris (Tomb:1)
  4 Killer Klowns
  2 caustic shrikes (Depths:4)
  9 golden dragons
  Jory (Vaults:4)
  Geryon (Hell)
  5 bone dragons
  Xtahua (Depths:5)
  A shard shrike zombie (Crypt:1)
  6 electric golems
  A Hellbinder (WizLab)
  Rupert (D:13)
  Jorgrun (Depths:1)
  15 tentacled monstrosities
  An Ice Fiend (Dis:1)
  3 Hell Sentinels
  11 liches
  A deep elf blademaster (Elf:2)
  25 Orb Guardians (Zot:5)
  Frances (D:12)
  3 quicksilver dragons
  A kraken (Shoals:1)
  4 Executioners
  8 titans
  4 tentacled starspawn
  12 death cobs
  An eldritch tentacle (Dis:3)
  30 acid blobs
  6 ancient champions
  12 sphinxes
  8 shadow dragons
  14 azure jellies
  6 draconian monks
  Agnes (Vaults:3)
  2 revenants
  Ilsuiw (Shoals:4)
  7 greater nagas
  The ghost of Leafly the Blocker, an adept DsFi of Okawaru (Shoals:4)
  A daeva (Abyss:2)
  19 storm dragons
  7 tengu reavers
  4 iron dragons
  13 fire giants
  4 draconian knights
  An orc warlord (D:11)
  6 draconian scorchers
  18 frost giants
  3 balrugs
  3 ghost moths
  15 vault wardens
  3 cacodemons
  3 draconian shifters
  12 deep elf sorcerers
  A caustic shrike zombie (Hell)
  A draconian zealot (Zot:5)
  15 ironheart preservers
  6 curse skulls
  4 deep elf elementalists
  4 ghouls
  2 draconian callers
  39 very ugly things
  A spriggan defender (Depths:4)
  20 stone giants
  23 reapers
  2 juggernaut skeletons (Depths:2)
  6 war gargoyles
  3 salamander stormcallers
  The ghost of Perturabo the Peltast, a journeyman HOFi of Beogh (D:15)
  Nessos (D:12)
  6 deep elf demonologists
  7 black draconians
  3 green draconians
  11 vampire knights
  A dire elephant (D:15)
  11 red draconians
  12 yellow draconians
  3 deep elf annihilators (Elf:3)
  10 bennus
  7 mottled draconians
  11 white draconians
  5 purple draconians
  The ghost of baghtru the Cleaver, a journeyman HOFi of Okawaru (Lair:5)
  A spark wasp (Depths:4)
  An eidolon (Crypt:2)
  11 deep elf death magi
  2 green deaths
  25 mummy priests
  12 ettins
  7 merfolk impalers
  6 death oozes
  20 fire dragons
  3 blizzard demons
  3 crystal guardians (Crypt:3)
  4 merfolk javelineers
  21 great orbs of eyes
  Erolcha (D:9)
  A kraken zombie (Hell)
  36 vault guards
  13 jiangshi
  22 naga warriors
  7 deep elf high priests
  3 quicksilver dragon zombies
  19 ice dragons
  6 entropy weavers
  10 yaktaur captains
  4 rakshasas
  A catoblepas (Depths:2)
  5 hydras
  13 anacondas
  2 spriggan air magi (Depths:2)
  3 hell beasts
  17 ogre magi
  5 merfolk aquamancers (Shoals:4)
  11 centaur warriors
  4 tengu warriors
  3 death knights
  8 vampire magi
  7 death yaks
  9 deep troll shamans
  12 hell hogs
  36 dancing weapons
  An alligator (shapeshifter) (Vaults:5)
  10 deep troll earth magi
  5 orc high priests
  9 soul eaters
  5 spriggan berserkers
  2 thrashing horrors
  15 naga sharpshooters
  9 shock serpents
  A shock serpent (shapeshifter) (Vaults:4)
  18 deep elf knights
  4 titan zombies
  2 wretched stars (Abyss:2)
  An iron golem (Dis:3)
  8 sun demons
  A storm dragon zombie (Dis:2)
  9 iron trolls
  2 golden dragon zombies (Dis:1)
  A storm dragon skeleton (Tomb:1)
  14 hell knights
  8 salamander mystics
  45 death scarabs
  A ghost moth zombie (Dis:4)
  64 skeletal warriors
  30 deep trolls
  2 unseen horrors
  A giant orange brain (shapeshifter) (Vaults:5)
  An infernal demonspawn (Depths:3)
  10 sea snakes
  7 giant orange brains
  2 swamp dragons (Depths:2)
  9 flayed ghosts
  20 ironbrand convokers
  2 tengu zombies
  A torturous demonspawn (Depths:3)
  9 lindwurms
  A shadow dragon zombie (Dis:3)
  6 deep elf archers
  12 hill giants
  A golden dragon skeleton (Dis:3)
  3 wolf spider zombies
  11 anubis guards
  A kraken simulacrum (Hell)
  16 phantasmal warriors
  3 naga ritualists
  5 frost giant zombies
  15 harpies
  43 ugly things
  19 necromancers
  17 orc knights
  12 shining eyes
  A sphinx zombie (Depths:2)
  4 wolf spiders
  5 iron dragon zombies
  4 fauns
  12 mana vipers
  3 hornets
  11 manticores
  21 salamanders
  12 griffons
  7 oklob plants
  4 fire giant zombies
  6 orc sorcerers
  2 stone giant zombies
  2 sixfirhies
  10 elephants
  60 deep elf magi
  12 cyclopes
  5 wizards
  29 moths of wrath
  An iron dragon skeleton (Crypt:3)
  6 dire elephant zombies
  A worldbinder (Abyss:2)
  A frost giant skeleton (Depths:2)
  An octopode (shapeshifter) (Depths:5)
  11 guardian serpents
  23 rust devils
  A guardian serpent (shapeshifter) (Depths:3)
  An apocalypse crab (Abyss:3)
  37 black mambas
  2 stone giant skeletons
  A spriggan zombie (Hell)
  The ghost of Peloso the Covered, a novice MiFi (Ossuary)
  2 eyes of devastation
  2 human skeletons
  2 shock serpent zombies
  6 smoke demons
  2 gargoyles
  17 naga magi
  12 vault sentinels
  A torpor snail (Lair:5)
  2 orange demons
  A molten gargoyle (Hell)
  6 water nymphs
  11 spiny frogs
  4 rime drakes
  A kobold demonologist (Vaults:3)
  An emperor scorpion zombie (Dis:4)
  10 hellions
  7 komodo dragons
  36 yaktaurs
  2 efreet
  4 freezing wraiths
  9 ice devils
  3 hydra zombies
  4 tengu conjurers
  17 tormentors
  An anaconda simulacrum (Hell)
  A spriggan druid (Lair:8)
  3 ancient zymes
  A redback zombie (D:15)
  25 merfolk
  51 guardian mummies
  2 entropy weaver zombies
  2 yaktaur skeletons
  2 harpy zombies
  5 wind drakes
  A jumping spider (Depths:5)
  4 polar bears (Lair:8)
  A queen bee (D:13)
  13 trolls
  2 polar bears (shapeshifter)
  17 red devils
  2 hydra skeletons
  18 ushabtiu
  35 two-headed ogres
  4 ettin zombies
  An alligator zombie (Hell)
  2 bog bodies (Crypt:3)
  A snapping turtle (shapeshifter) (Depths:2)
  3 ice dragon zombies
  8 raiju
  144 slime creatures
  8 boulder beetles
  24 blink frogs
  A frost giant simulacrum (Crypt:1)
  6 snapping turtles
  5 small abominations
  8 starcursed masses (Abyss:2)
  6 fire dragon zombies
  An ice dragon skeleton (Abyss:2)
  18 spriggans
  A black mamba zombie (Crypt:2)
  6 ynoxinuls
  17 shadows
  5 air elementals
  67 flying skulls
  3 vampires (Depths:2)
  15 redbacks
  11 water elementals
  29 yaks
  2 ettin skeletons
  3 tarantellas
  23 wraiths
  An alligator skeleton (Hell)
  7 fire elementals
  4 basilisks
  6 wyverns
  11 hippogriffs
  5 golden eyes
  19 humans (D:14)
  3 neqoxecs
  A steam dragon (Lair:5)
  21 vampire mosquitoes
  2 hungry ghosts
  3 mottled dragons
  7 wargs
  2 mottled dragons (shapeshifter)
  39 nagas
  A soldier ant (D:12)
  2 large abominations
  A spiny frog zombie (Dis:1)
  31 hell hounds
  A soldier ant (shapeshifter) (Vaults:2)
  15 water moccasins
  15 porcupines
  A water nymph skeleton (Crypt:2)
  A giant eyeball (Slime:6)
  A swamp drake (Depths:3)
  2 sky beasts (D:8)
  39 orc warriors
  62 ogres
  An elf zombie (Vaults:3)
  7 black bears
  An alligator simulacrum (Hell)
  A ghost crab zombie (Crypt:2)
  4 human zombies
  4 ice beasts
  16 necrophages
  2 ettin simulacra
  10 eyes of draining
  2 snapping turtle zombies
  5 phantoms
  5 wasps
  2 swamp dragon zombies
  A boggart (shapeshifter) (Elf:2)
  19 centaurs
  22 wolves
  18 boggarts
  A swamp dragon skeleton (Tomb:2)
  16 crocodiles
  3 big kobolds
  23 giant frogs
  5 earth elementals
  An elf skeleton (Crypt:3)
  A glowing shapeshifter simulacrum (Vaults:4)
  A water moccasin zombie (D:9)
  A komodo dragon skeleton (Crypt:1)
  A spiny frog simulacrum (Hell)
  A wyvern skeleton (D:13)
  5 scorpions
  A scorpion (shapeshifter) (Depths:5)
  A yak zombie (Crypt:2)
  A swamp dragon simulacrum (Tomb:1)
  A boulder beetle zombie (Crypt:2)
  43 killer bees
  51 wights
  2 electric eels (Lair:1)
  2 howler monkeys
  9 crimson imps
  3 giant frog zombies
  9 hounds
  4 human simulacra
  3 quasits
  5 centaur zombies
  22 iron imps
  A giant frog skeleton (D:11)
  A gnoll shaman (D:8)
  20 orc priests
  10 iguanas
  38 jellies
  3 centaur skeletons
  37 orc wizards
  9 worker ants
  7 sirens
  8 merfolk avatars
  A tengu simulacrum (Depths:1)
  A killer bee zombie (D:10)
  44 sheep
  A naga zombie (Dis:1)
  An ogre zombie (Dis:1)
  2 tengu skeletons
  A hound skeleton (D:4)
  A hound zombie (D:8)
  55 mummies
  2 worker ant zombies
  8 gnolls
  71 river rats
  15 adders
  A scorpion zombie (Crypt:1)
  2 swamp drake skeletons
  2 shadow imps
  2 white imps (Depths:3)
  An ufetubus (Depths:3)
  4 oozes
  An adder zombie (D:6)
  An iguana zombie (Crypt:2)
  An adder skeleton (D:6)
  A lava snake skeleton (Crypt:1)
  4 worms
  A dart slug (D:2)
  7 giant geckos
  111 orcs
  4 ball pythons (Sewer)
  7 giant cockroaches
  9 goblins
  8 hobgoblins
  14 jackals
  4 quokkas
  A ball python skeleton (Ossuary)
  6 bats
  A giant gecko skeleton (D:4)
  11 giant newts
  A giant newt skeleton (Crypt:1)
  A gnoll skeleton (Crypt:1)
  2 hobgoblin skeletons (Ossuary)
  A jackal zombie (D:9)
  15 kobolds
  2 kobold zombies (Ossuary)
  2 orc skeletons (Ossuary)
  2 orc zombies (Ossuary)
  A quokka skeleton (D:8)
  A quokka zombie (D:5)
  28 rats
  A bush (Lair:8)
  3 crawling corpses
  An eldritch tentacle segment (Dis:2)
  5 fungi
  2 plants
  4 tentacles (Hell)
  2 tentacle segments (Hell)
3780 creatures vanquished.

Vanquished Creatures (others)
  A deep elf master archer (Elf:3)
  An eldritch tentacle (Dis:2)
  A fire giant (Depths:4)
  A revenant (Tomb:1)
  A draconian scorcher (Zot:5)
  A deep elf elementalist (Depths:4)
  A cacodemon (Depths:5)
  A black draconian (Zot:5)
  A merfolk javelineer (Shoals:4)
  A quicksilver dragon skeleton (Tomb:2)
  5 yaktaur captains
  A hell hog (Depths:5)
  A naga sharpshooter (Snake:4)
  A skeletal warrior (Tomb:2)
  8 death scarabs (Tomb:2)
  A wizard (Vaults:2)
  An ironbrand convoker (Vaults:2)
  6 deep elf archers
  2 deep elf magi
  A necromancer (Vaults:4)
  An anaconda skeleton (Tomb:2)
  A moth of wrath (Zot:5)
  A cyclops (Vaults:1)
  A naga mage (Snake:4)
  A guardian mummy (Tomb:2)
  12 yaktaurs
  A tormentor (Dis:3)
  A wolf spider simulacrum (Tomb:2)
  7 flying skulls (Tomb:2)
  3 redbacks (Depths:2)
  A wraith (Dis:3)
  A hippogriff (Abyss:3)
  An orc warrior (Vaults:5)
  A small abomination (Abyss:2)
  A swamp dragon skeleton (Tomb:2)
  2 ogres (Vaults:4)
  2 centaurs
  An elf zombie (Tomb:1)
  A wight (Dis:2)
  An iron imp (Dis:3)
  A sheep (Shoals:1)
  4 mummies
  An adder (Depths:2)
  A ball lightning (Tomb:2)
  A kobold (D:11)
  31 eldritch tentacle segments
  10 fungi
  15 lost souls
  16 plants
  8 starspawn tentacles
  39 starspawn tentacle segments
  14 tentacles
  665 tentacle segments
884 creatures vanquished.

Grand Total: 4664 creatures vanquished

Notes
Turn   | Place    | Note
--------------------------------------------------------------
     0 | D:1      | Peloso the Minotaur Fighter began the quest for the Orb.
     0 | D:1      | Reached XP level 1. HP: 19/19 MP: 0/0
   195 | D:1      | Reached XP level 2. HP: 26/27 MP: 1/1
   553 | D:2      | Found a shimmering altar of Xom.
   560 | D:2      | Found a shimmering altar of Xom.
   560 | D:2      | Found a shimmering altar of Xom.
   560 | D:2      | Found a shimmering altar of Xom.
   561 | D:2      | Found a shimmering altar of Xom.
   562 | D:2      | Found a shimmering altar of Xom.
   589 | D:2      | Reached XP level 3. HP: 28/33 MP: 2/2
   828 | D:2      | Found a glowing silver altar of Zin.
   828 | D:2      | Found a glowing golden altar of the Shining One.
   829 | D:2      | Found a white marble altar of Elyvilon.
   885 | D:2      | Found an iron altar of Okawaru.
   899 | D:2      | Became a worshipper of Warmaster Okawaru
  1059 | D:2      | Found a deep blue altar of Sif Muna.
  1069 | D:2      | Found a shadowy altar of Dithmenos.
  1069 | D:2      | Found a shattered altar of Ashenzari.
  1236 | D:3      | Reached XP level 4. HP: 36/41 MP: 3/3
  1390 | D:3      | Reached skill level 1 in Dodging
  1542 | D:3      | Found a sacrificial altar of Ru.
  1611 | D:3      | Found a bloodstained altar of Trog.
  1991 | D:3      | Found an opulent altar of Gozag.
  1991 | D:3      | Found a sparkling altar of Nemelex Xobeh.
  2127 | D:4      | Reached XP level 5. HP: 47/47 MP: 4/4
  2146 | D:4      | Reached skill level 5 in Shields
  2203 | D:4      | Found a glowing drain.
  2208 | Sewer    | Entered a sewer
  2389 | Sewer    | Reached skill level 5 in Armour
  2489 | Sewer    | Reached XP level 6. HP: 16/55 MP: 5/5
  2930 | D:4      | Reached skill level 5 in Fighting
  3201 | D:4      | Found a blossoming altar of Fedhas.
  3346 | D:4      | Found an oddly glowing altar of Pakellas.
  3602 | D:5      | Entered Level 5 of the Dungeon
  3608 | D:5      | Reached * piety under Okawaru
  3673 | D:5      | Reached XP level 7. HP: 61/61 MP: 6/6
  3815 | D:5      | Reached skill level 5 in Long Blades
  3980 | D:5      | Found Kunasm's Book Boutique.
  4114 | D:5      | Found a radiant altar of Vehumet.
  4535 | D:6      | Found a snail-covered altar of Cheibriados.
  4559 | D:6      | Reached ** piety under Okawaru
  4665 | D:6      | Reached XP level 8. HP: 36/70 MP: 7/7
  4847 | D:6      | Found a sand-covered staircase.
  4852 | Ossuary  | Entered an ossuary
  5099 | Ossuary  | Noticed Peloso's ghost (novice MiFi)
  5131 | Ossuary  | Killed Peloso's ghost
  5430 | Ossuary  | Noticed a flying skull
  5437 | Ossuary  | Noticed a flying skull
  5446 | Ossuary  | Noticed a flying skull
  5529 | Ossuary  | Reached *** piety under Okawaru
  5529 | Ossuary  | Reached XP level 9. HP: 33/78 MP: 5/8
  6251 | D:7      | Found a staircase to the Ecumenical Temple.
  6998 | D:8      | Reached **** piety under Okawaru
  7129 | D:8      | Reached skill level 5 in Dodging
  7136 | D:8      | Reached XP level 10. HP: 67/88 MP: 9/9
  7183 | D:8      | Reached skill level 10 in Shields
  7321 | D:8      | Found a staircase to the Lair.
  7633 | D:9      | Reached ***** piety under Okawaru
  7815 | D:9      | Found Nyhiu's Assorted Antiques.
  7993 | D:9      | Noticed Erolcha
  8001 | D:9      | Killed Erolcha
  8156 | D:9      | Found Gajoskoh's Distillery.
  8451 | D:10     | Entered Level 10 of the Dungeon
  8658 | D:10     | Noticed a hill giant
  8687 | D:10     | Killed a hill giant
  8687 | D:10     | Reached skill level 10 in Long Blades
  8733 | D:10     | Reached XP level 11. HP: 77/97 MP: 10/10
  8817 | D:10     | Found a deep blue altar of Sif Muna.
  9132 | D:11     | Noticed a hill giant
  9137 | D:11     | Killed a hill giant
  9137 | D:11     | Reached skill level 10 in Armour
  9202 | D:11     | Received a gift from Okawaru
  9202 | D:11     | Reached ****** piety under Okawaru
  9225 | D:11     | Identified a scroll of acquirement
  9228 | D:11     | Got an encrusted crystal plate armour
  9239 | D:11     | Identified the +13 crystal plate armour "Rytro" {rF+ MR- Int+5} (You acquired it on level 11 of the Dungeon)
  9276 | D:11     | Found a staircase to the Orcish Mines.
  9306 | D:11     | Noticed a centaur warrior
  9320 | D:11     | Killed a centaur warrior
  9431 | D:11     | Noticed a green ugly thing
  9442 | D:11     | Noticed a red ugly thing
  9461 | D:11     | Killed a red ugly thing
  9466 | D:11     | Killed a white ugly thing
  9769 | D:12     | Noticed Frances
  9773 | D:12     | Noticed a sun demon
  9923 | D:12     | Noticed a sun demon
  9926 | D:12     | Killed Frances
  9926 | D:12     | Reached skill level 10 in Fighting
  9926 | D:12     | Reached skill level 1 in Invocations
 10023 | D:12     | Noticed a red ugly thing
 10041 | D:12     | Killed a red ugly thing
 10072 | D:12     | Noticed Nessos
 10072 | D:12     | Noticed a tengu reaver
 10275 | D:12     | Killed a tengu reaver
 10275 | D:12     | Reached XP level 12. HP: 49/107 MP: 10/12
 10596 | Lair:1   | Entered Level 1 of the Lair of Beasts
 12270 | Lair:3   | Got an encrusted chain mail
 12281 | Lair:3   | Identified the +1 chain mail "Fiompif" {Int+3} (You acquired it on level 3 of the Lair of Beasts)
 12473 | Lair:3   | Received a gift from Okawaru
 12788 | Lair:3   | Found an oddly glowing altar of Pakellas.
 12805 | Lair:3   | Noticed an eight-headed hydra
 12813 | Lair:3   | Killed a 13-headed hydra
 13357 | Lair:3   | Found a staircase to the Shoals.
 14624 | Lair:5   | Reached XP level 13. HP: 97/117 MP: 13/13
 14751 | Lair:5   | Noticed baghtru's ghost (journeyman HOFi)
 14788 | Lair:5   | Killed baghtru's ghost
 15007 | Lair:5   | Reached skill level 1 in Stealth
 15015 | Lair:5   | Found a runed door.
 15199 | Lair:5   | Received a gift from Okawaru
 15621 | Lair:6   | Found a staircase to the Snake Pit.
 15691 | Lair:6   | Found a staircase to the Slime Pits.
 16324 | Lair:7   | Reached skill level 15 in Shields
 17040 | Lair:8   | Entered Level 8 of the Lair of Beasts
 17520 | Lair:8   | Found a blossoming altar of Fedhas.
 17756 | Lair:8   | Reached skill level 15 in Long Blades
 17834 | Lair:8   | Reached XP level 14. HP: 102/127 MP: 15/15
 18122 | Lair:8   | Received a gift from Okawaru
 18314 | Lair:8   | Received a gift from Okawaru
 19000 | D:13     | Noticed Rupert
 19040 | D:13     | Killed Rupert
 19230 | D:13     | Received a gift from Okawaru
 20723 | D:14     | Found Veuquc's Food Boutique.
 21005 | D:14     | Reached XP level 15. HP: 137/137 MP: 16/16
 21122 | D:14     | Found a gate to the Vaults.
 21247 | D:14     | Received a gift from Okawaru
 21672 | D:15     | Entered Level 15 of the Dungeon
 21863 | D:15     | Noticed Perturabo's ghost (journeyman HOFi)
 21882 | D:15     | Killed Perturabo's ghost
 22078 | D:15     | Received a gift from Okawaru
 22130 | D:15     | Found an opulent altar of Gozag.
 22135 | D:15     | Found Gozag's Platinum Reserve.
 22250 | D:15     | Found a staircase to the Depths.
 22355 | Orc:1    | Entered Level 1 of the Orcish Mines
 22355 | Orc:1    | Noticed an orc warlord
 22373 | D:11     | Killed an orc warlord
 22602 | Orc:2    | Entered Level 2 of the Orcish Mines
 23111 | Orc:2    | Found a radiant altar of Vehumet.
 23494 | Orc:2    | Found a staircase to the Elven Halls.
 23790 | Orc:2    | Paralysed by an orc sorcerer for 3 turns
 23932 | Orc:2    | Paralysed by an orc sorcerer for 7 turns
 24027 | Orc:2    | Found Zadus's Distillery.
 24027 | Orc:2    | Found Jowuol's Antique Armour Shop.
 24029 | Orc:2    | Found Luzogodi's Gadget Shop.
 24029 | Orc:2    | Found Qisekh's Distillery.
 24500 | D:12     | Received a gift from Okawaru
 24523 | D:12     | Got a pair of shimmering gloves {god gift}
 24525 | D:12     | Killed Nessos
 24619 | D:12     | Noticed a frost giant
 24633 | D:12     | Killed a frost giant
 24639 | D:12     | Reached skill level 15 in Fighting
 24639 | D:12     | Reached XP level 16. HP: 35/149 MP: 15/17
 24807 | D:12     | Identified the -1 pair of gloves of Nann {rC+ Int+4} (Okawaru gifted it to you on level 12 of the Dungeon)
 25115 | Snake:1  | Entered Level 1 of the Snake Pit
 27192 | Snake:3  | Received a gift from Okawaru
 27289 | Snake:3  | Got a bloodstained plate armour
 27300 | Snake:3  | Identified the +0 plate armour of Disaster {Regen+} (You found it on level 3 of the Snake Pit)
 28590 | Snake:4  | Entered Level 4 of the Snake Pit
 28826 | Snake:4  | Reached XP level 17. HP: 141/158 MP: 18/18
 29648 | Snake:4  | Received a gift from Okawaru
 29667 | Snake:4  | Reached skill level 15 in Armour
 30789 | Snake:4  | Received a gift from Okawaru
 30915 | Snake:4  | Got a serpentine rune of Zot
 31193 | Shoals:1 | Entered Level 1 of the Shoals
 31506 | Shoals:1 | Reached XP level 18. HP: 168/168 MP: 19/19
 31971 | Shoals:1 | Found a burning altar of Makhleb.
 32830 | Shoals:2 | Gained mutation: You possess an exceptional clarity of mind. [potion of beneficial mutation]
 33199 | Shoals:3 | Found Tomecs's Gadget Boutique.
 33208 | Shoals:3 | Got a pitted chain mail
 33219 | Shoals:3 | Identified the +7 chain mail "Ickaiqid" {rCorr Str+3} (You found it on level 3 of the Shoals)
 33772 | Shoals:4 | Entered Level 4 of the Shoals
 33928 | Shoals:4 | Received a gift from Okawaru
 33937 | Shoals:4 | Got an ancient cloak {god gift}
 33972 | Shoals:4 | Noticed Ilsuiw
 33974 | Shoals:4 | Noticed Leafly's ghost (adept DsFi)
 34046 | Shoals:4 | Killed Leafly's ghost
 34092 | Shoals:4 | Killed Ilsuiw
 34328 | Shoals:4 | Identified the +0 cloak of Iraysudi {rF+ Str+2 SInv} (Okawaru gifted it to you on level 4 of the Shoals)
 35088 | Shoals:4 | Got a barnacled rune of Zot
 35712 | Vaults:1 | Entered Level 1 of the Vaults
 35856 | Vaults:1 | Found a portal to a secret trove of treasure.
 35861 | Vaults:1 | Found a magical portal.
 35866 | WizLab   | Entered The Hall of Ememyeqi the Hellbinder
 35992 | WizLab   | Noticed a Brimstone Fiend
 36018 | WizLab   | Received a gift from Okawaru
 36018 | WizLab   | Reached XP level 19. HP: 170/177 MP: 20/20
 36294 | WizLab   | Noticed Ememyeqi
 36296 | WizLab   | Found a burning altar of Makhleb.
 36320 | WizLab   | Killed Ememyeqi the Hellbinder
 36327 | WizLab   | Identified Disch's Incunabulum of Creation
 36361 | WizLab   | Identified the Guide on Calling
 37562 | Vaults:1 | Received a gift from Okawaru
 37816 | Vaults:2 | Cast into level 3 of the Abyss (a deep elf sorcerer)
 37956 | Vaults:2 | Escaped the Abyss
 37963 | Vaults:2 | HP: 8/179 [deep elf death mage/vampiric draining[an ironheart preserver] (32)]
 38016 | Vaults:2 | Cast into level 2 of the Abyss (a deep elf demonologist)
 38115 | Vaults:2 | Escaped the Abyss
 38152 | Vaults:2 | Received a gift from Okawaru
 38221 | Vaults:2 | Got a smoking cloak {god gift}
 38316 | Vaults:2 | Identified the +0 cloak "Puhol" {rPois rF+ Str+6 SInv} (Okawaru gifted it to you on level 2 of the Vaults)
 38755 | Vaults:2 | Got a pair of fine boots
 38766 | Vaults:2 | Identified the +2 pair of boots of Twilight {rElec rN+ MP+9} (You found it on level 2 of the Vaults)
 38783 | Vaults:2 | Got an ichor-stained plate armour
 38784 | Vaults:2 | Identified the +1 plate armour of Starshine {rC+ Regen+ MP-9 Dex+10} (You found it on level 2 of the Vaults)
 38906 | Vaults:2 | Reached XP level 20. HP: 188/188 MP: 21/21
 39048 | Vaults:2 | Found Movehore's Food Emporium.
 39289 | Vaults:2 | Got a heavily runed shield
 39300 | Vaults:2 | Identified the +3 shield of Winter {*Corrode rF+ Int+6 Dex+4} (You found it on level 2 of the Vaults)
 39906 | Elf:1    | Entered Level 1 of the Elven Halls
 40503 | Elf:1    | Found Luesokh's Armour Shoppe.
 41115 | Elf:2    | Found a huge runed gate.
 41115 | Elf:2    | Found a huge runed gate.
 41115 | Elf:2    | Found a huge runed gate.
 41115 | Elf:2    | Found a huge runed gate.
 41121 | Elf:2    | Found a huge runed gate.
 41416 | Elf:2    | Received a gift from Okawaru
 41925 | Elf:3    | Entered Level 3 of the Elven Halls
 42685 | Elf:3    | Received a gift from Okawaru
 42748 | Elf:3    | Got a scorched falchion {god gift}
 42761 | Elf:3    | Identified the +2 falchion "Huikim" {slice, rPois rN+++ MR- Dex+2} (Okawaru gifted it to you on level 3 of the Elven Halls)
 43159 | Elf:3    | Reached XP level 21. HP: 196/196 MP: 22/22
 43312 | Elf:3    | Identified Urunisub's Disquisition on Protection and Fire
 43374 | Elf:3    | Gained mutation: You are partially covered in slimy green scales (AC +2). [potion of beneficial mutation]
 43419 | Elf:3    | Identified the Reference Book on the Compass and Unholy Rituals (You found it on level 3 of the Elven Halls)
 43493 | Elf:3    | Got a glittering amber ring
 43495 | Elf:3    | Identified the ring of Dishonesty {Ice Int+6} (You found it on level 3 of the Elven Halls)
 44142 | Vaults:3 | Reached skill level 1 in Evocations
 44194 | Vaults:3 | Noticed Agnes
 44203 | Vaults:3 | Received a gift from Okawaru
 44209 | Vaults:3 | Killed Agnes
 44687 | Vaults:3 | Found a staircase to the Crypt.
 45106 | Vaults:3 | Received a gift from Okawaru
 45652 | Vaults:4 | Received a gift from Okawaru
 46004 | Vaults:4 | Noticed Jory
 47060 | Vaults:4 | Killed Jory
 47094 | Vaults:5 | Entered Level 5 of the Vaults
 47125 | Vaults:4 | Reached XP level 22. HP: 178/206 MP: 23/23
 47153 | Vaults:4 | Received a gift from Okawaru
 48080 | Vaults:5 | Received a gift from Okawaru
 48083 | Vaults:5 | Got a bloodstained crystal plate armour {god gift}
 48167 | Vaults:4 | Identified the +8 crystal plate armour of Incorporation {+Inv +Fly Stlth+} (Okawaru gifted it to you on level 5 of the Vaults)
 48577 | Vaults:5 | Noticed a golden dragon
 48594 | Vaults:5 | Killed a golden dragon
 48686 | Vaults:5 | Reached skill level 27 in Shields
 49024 | Vaults:5 | Received a gift from Okawaru
 49340 | Vaults:5 | Got a jewelled double sword
 49341 | Vaults:5 | Identified the +1 double sword of the Puffball {slice, Str+2 Dex+4 Stlth-} (You acquired it on level 5 of the Vaults)
 49473 | Vaults:5 | Reached XP level 23. HP: 184/217 MP: 25/25
 49705 | Vaults:5 | Got a silver rune of Zot
 49707 | Vaults:5 | Got a pair of brightly glowing gloves
 49718 | Vaults:5 | Identified the +2 pair of gloves "Neraw" {-Cast MR+ Dex+4} (You found it on level 5 of the Vaults)
 49884 | Vaults:5 | Identified the Grimoire of Moulding and Execration (You found it on level 5 of the Vaults)
 49949 | Vaults:5 | Received a gift from Okawaru
 50435 | Vaults:5 | Got a brightly glowing lapis lazuli ring
 50569 | Vaults:5 | Identified the ring "Reosub" {rN+ MR+ Str+4 Dex+3 Stlth+} (You found it on level 5 of the Vaults)
 50684 | Vaults:5 | Got a smoking zirconium amulet
 50685 | Vaults:5 | Identified the amulet of Tymmauz {Spirit rPois rF- Str+6 SInv} (You found it on level 5 of the Vaults)
 50689 | Vaults:5 | Identified the Reference Book on Feathers
 52249 | Slime:1  | Entered Level 1 of the Pits of Slime
 53492 | Slime:3  | Gained mutation: You regenerate slowly when monsters are visible. [a shining eye]
 54273 | Slime:5  | Gained mutation: Your magical capacity is low (-10% MP). [a shining eye]
 54802 | Slime:6  | Entered Level 6 of the Pits of Slime
 54860 | Slime:6  | Gained mutation: Scrolls take you a little longer to read. [a shining eye]
 54933 | Slime:4  | Received a gift from Okawaru
 54943 | Slime:4  | Lost mutation: You regenerate slowly when monsters are visible. [a shining eye]
 54956 | Slime:4  | Reached XP level 24. HP: 116/231 MP: 22/22
 55148 | Slime:6  | Found a viscous altar of Jiyva.
 55436 | Slime:6  | Paralysed by a giant eyeball for 2 turns
 55468 | Slime:6  | Noticed the Royal Jelly
 55475 | Slime:6  | Killed the Royal Jelly
 55475 | Slime:6  | Reached skill level 27 in Long Blades
 55518 | Slime:6  | HP: 11/231 [acid[the Royal Jelly] (6)]
 55536 | Slime:6  | HP: 1/231 [azure jelly[the Royal Jelly] (31)]
 56050 | Slime:6  | Got a bound copper amulet
 56053 | Slime:6  | Identified the amulet "Luxkovol" {Regen+ Int+2 Slay+3} (You found it on level 6 of the Pits of Slime)
 56072 | Slime:6  | Got a slimy rune of Zot
 56196 | Slime:6  | Gained mutation: Scrolls take you longer to read. [a shining eye]
 56769 | Crypt:1  | Entered Level 1 of the Crypt
 58324 | Crypt:2  | Received a gift from Okawaru
 58711 | Crypt:3  | Entered Level 3 of the Crypt
 59009 | Crypt:3  | Noticed an ancient lich
 59030 | Crypt:3  | Killed an ancient lich
 59051 | Crypt:3  | Found a basalt altar of Yredelemnul.
 59314 | Crypt:3  | Found a staircase to the Tomb.
 59337 | Crypt:3  | Identified the Papyrus of Twisted Poison
 59458 | Crypt:3  | Reached XP level 25. HP: 245/245 MP: 22/22
 59534 | Crypt:3  | Got a steaming amber ring
 59929 | Crypt:2  | Identified the ring "Lafocvie" {MR+ Stlth+} (You took it off a hell knight on level 3 of the Crypt)
 60514 | Depths:1 | Entered Level 1 of the Depths
 60543 | Depths:1 | Noticed Jorgrun
 60547 | Depths:1 | Killed Jorgrun
 60822 | Depths:1 | Received a gift from Okawaru
 60922 | Depths:1 | Found a gateway to Hell.
 61146 | Depths:1 | Lost mutation: Scrolls take you longer to read. [potion of cure mutation]
 61146 | Depths:1 | Lost mutation: Scrolls take you a little longer to read. [potion of cure mutation]
 61146 | Depths:1 | Lost mutation: Your magical capacity is low (-10% MP). [potion of cure mutation]
 61146 | Depths:1 | Lost mutation: You possess an exceptional clarity of mind. [potion of cure mutation]
 61146 | Depths:1 | Lost mutation: You are partially covered in slimy green scales (AC +2). [potion of cure mutation]
 61329 | Depths:2 | Received a gift from Okawaru
 61847 | Depths:2 | Found a gateway to a ziggurat.
 62163 | Depths:2 | Found a large runed door.
 62164 | Depths:2 | Found a large runed door.
 62719 | Depths:2 | Received a gift from Okawaru
 62958 | Depths:2 | Received a gift from Okawaru
 63414 | Depths:3 | Found a one-way gate to the infinite horrors of the Abyss.
 63523 | Depths:3 | Gained mutation: You expend magic power (3 MP) to strengthen your wands. [a cacodemon]
 63536 | Depths:3 | Found a one-way gate leading to the halls of Pandemonium.
 64124 | Depths:3 | Reached XP level 26. HP: 264/264 MP: 25/25
 64261 | Depths:3 | Identified the Incunabulum of Shape Shifting
 64702 | Depths:4 | Found a flickering gateway to a bazaar.
 64707 | Bazaar   | Entered a bazaar
 64711 | Bazaar   | Found Oleytet's Food Boutique.
 64728 | Bazaar   | Found Woenuaw's Book Emporium.
 64746 | Bazaar   | Found Pohijiucha's Book Boutique.
 64764 | Bazaar   | Found Ami Vif's Antique Armour Shoppe.
 64769 | Bazaar   | Bought a pair of runed gloves for 162 gold pieces
 64808 | Bazaar   | Bought a royal jelly for 22 gold pieces
 64808 | Bazaar   | Bought a bread ration for 55 gold pieces
 64808 | Bazaar   | Bought a bread ration for 55 gold pieces
 64808 | Bazaar   | Bought a royal jelly for 22 gold pieces
 64808 | Bazaar   | Bought a meat ration for 55 gold pieces
 64808 | Bazaar   | Bought a meat ration for 55 gold pieces
 64869 | Depths:4 | Reached skill level 27 in Fighting
 65139 | Depths:4 | Received a gift from Okawaru
 65142 | Depths:4 | Got a pair of slimy gloves {god gift}
 65153 | Depths:4 | Identified the +2 pair of gloves "Oticu" {Slay+2 Stlth+} (Okawaru gifted it to you on level 4 of the Depths)
 65773 | Depths:4 | Got a transparent bronze ring
 65774 | Depths:4 | Identified the ring of Veghes {SustAt Int+3} (You found it on level 4 of the Depths)
 66072 | Depths:5 | Entered Level 5 of the Depths
 66483 | Depths:5 | Found a runed door.
 66483 | Depths:5 | Found a runed door.
 66816 | Depths:5 | Noticed Xtahua
 66824 | Depths:5 | Killed Xtahua
 66895 | Depths:5 | Found a runed door.
 66895 | Depths:5 | Found a runed door.
 66920 | Depths:5 | Found a gate to the Realm of Zot.
 67046 | Depths:5 | Found a runed door.
 67053 | Depths:5 | Found a runed door.
 67131 | Depths:5 | Received a gift from Okawaru
 68258 | D:9      | You are sucked into a shaft!
 68363 | D:11     | You are sucked into a shaft for 3 floors!
 68600 | Depths:2 | Reached XP level 27. HP: 273/273 MP: 25/25
 68796 | Zot:1    | Entered Level 1 of the Realm of Zot
 68842 | Zot:1    | Lost mutation: You expend magic power (3 MP) to strengthen your wands. [potion of cure mutation]
 68935 | Zot:1    | Reached skill level 5 in Invocations
 70300 | Zot:3    | Reached skill level 27 in Armour
 70367 | Zot:3    | Received a gift from Okawaru
 70427 | Zot:3    | Reached skill level 5 in Evocations
 70685 | Zot:3    | Identified the Catalogue of Venom and Good Luck
 71092 | Zot:3    | Received a gift from Okawaru
 71628 | Zot:4    | Reached skill level 10 in Evocations
 71917 | Zot:5    | Entered Level 5 of the Realm of Zot
 72580 | Vaults:1 | You paid a toll of a +3 shadow dragon armour to enter a treasure trove
 72581 | Trove    | Entered a treasure trove
 72595 | Trove    | Got a dazzling shield
 72606 | Trove    | Identified the +0 shield of the Manifold Runes {rN+ Slay+4} (You found it in a treasure trove)
 72618 | Trove    | Identified a +1 pair of boots of running (You found it in a treasure trove)
 72666 | Trove    | Reached skill level 1 in Throwing
 72666 | Trove    | Reached skill level 1 in Unarmed Combat
 72666 | Trove    | Reached skill level 1 in Spellcasting
 72947 | Vaults:1 | Learned a level 8 spell: Necromutation
 73443 | Lair:1   | Gained mutation: You occasionally shout uncontrollably at your foes. [mutagenic glow]
 73544 | Orc:2    | Gained mutation: Your spells are a little easier to cast, but a little less powerful. [mutagenic glow]
 73799 | Elf:3    | Gained mutation: You are weak. (Str -2) [mutagenic glow]
 74732 | Crypt:3  | Gained mutation: You are frail (-10% HP). [mutagenic glow]
 74742 | Crypt:3  | Gained mutation: Scrolls take you a little longer to read. [miscasting Necromutation]
 74855 | Crypt:3  | Gained mutation: Your body sometimes deteriorates upon taking damage. [mutagenic glow]
 75319 | Tomb:1   | Entered Level 1 of the Tomb of the Ancients
 75430 | Tomb:1   | Reached skill level 1 in Transmutations
 75434 | Tomb:1   | Reached skill level 1 in Necromancy
 75587 | Tomb:1   | Noticed Mara
 75595 | Tomb:1   | Noticed Peloso's illusion
 75596 | Tomb:1   | Killed Mara
 75747 | Tomb:1   | Noticed a greater mummy
 75764 | Tomb:1   | Killed a greater mummy
 75780 | Tomb:1   | Noticed a greater mummy
 75794 | Tomb:1   | Killed a greater mummy
 75951 | Tomb:1   | Noticed a greater mummy
 75985 | Tomb:1   | Killed a greater mummy
 76174 | Tomb:1   | Noticed a greater mummy
 76184 | Tomb:1   | Killed a greater mummy
 76730 | Tomb:2   | Noticed a greater mummy
 76730 | Tomb:2   | Noticed a greater mummy
 76730 | Tomb:2   | Noticed a greater mummy
 76731 | Tomb:2   | Noticed a greater mummy
 77020 | Tomb:2   | Noticed Boris
 77481 | Tomb:1   | Killed Boris
 77481 | Tomb:1   | Received a gift from Okawaru
 77505 | Tomb:1   | Killed a greater mummy
 78014 | Tomb:2   | Received a gift from Okawaru
 78015 | Tomb:2   | Got a steaming hunting sling {god gift}
 78414 | Tomb:1   | Killed a greater mummy
 78765 | Tomb:1   | Killed a greater mummy
 79190 | Tomb:1   | Killed a greater mummy
 79886 | Tomb:1   | Noticed a greater mummy
 79886 | Tomb:1   | Noticed a greater mummy
 79887 | Tomb:1   | Noticed a greater mummy
 79889 | Tomb:1   | Noticed a greater mummy
 79898 | Tomb:2   | Killed a greater mummy
 80168 | Tomb:1   | Noticed a greater mummy
 80168 | Tomb:1   | Noticed a greater mummy
 80169 | Tomb:1   | Noticed a greater mummy
 80170 | Tomb:1   | Noticed a greater mummy
 80177 | Tomb:1   | Killed a greater mummy
 80177 | Tomb:1   | Reached skill level 5 in Necromancy
 80178 | Tomb:1   | Noticed a greater mummy
 80185 | Tomb:2   | Killed a greater mummy
 80297 | Tomb:2   | Killed a greater mummy
 80753 | Tomb:1   | Noticed a greater mummy
 81245 | Tomb:2   | Received a gift from Okawaru
 81418 | Tomb:2   | Killed a greater mummy
 81621 | Tomb:2   | Killed a greater mummy
 81973 | Tomb:2   | Killed a greater mummy
 81973 | Tomb:2   | Reached skill level 5 in Spellcasting
 81973 | Tomb:2   | Reached skill level 5 in Transmutations
 82258 | Tomb:2   | Killed a greater mummy
 82733 | Tomb:2   | Killed a greater mummy
 82898 | Tomb:1   | Killed a greater mummy
 82898 | Tomb:1   | Reached skill level 10 in Invocations
 83093 | Tomb:1   | Noticed a greater mummy
 83133 | Tomb:1   | Killed a greater mummy
 83348 | Tomb:1   | Noticed a greater mummy
 83354 | Tomb:1   | Killed a greater mummy
 83354 | Tomb:1   | Received a gift from Okawaru
 83701 | Tomb:1   | Noticed a greater mummy
 83736 | Tomb:1   | Noticed Sojobo
 83738 | Tomb:1   | Noticed a greater mummy
 83746 | Tomb:1   | Killed a greater mummy
 83830 | Tomb:1   | Killed Sojobo
 83842 | Tomb:1   | Killed a greater mummy
 84199 | Tomb:1   | Noticed a greater mummy
 84200 | Tomb:1   | Noticed a greater mummy
 84203 | Tomb:1   | Noticed a greater mummy
 84248 | Tomb:1   | Killed a greater mummy
 84740 | Tomb:1   | Killed a greater mummy
 84824 | Tomb:1   | Noticed a greater mummy
 84826 | Tomb:1   | Noticed a greater mummy
 84829 | Tomb:1   | Noticed a greater mummy
 84831 | Tomb:1   | Killed a greater mummy
 85478 | Tomb:1   | Killed a greater mummy
 85493 | Tomb:1   | Killed a greater mummy
 85493 | Tomb:1   | Received a gift from Okawaru
 85783 | Tomb:1   | Killed a greater mummy
 87084 | Tomb:3   | Entered Level 3 of the Tomb of the Ancients
 87118 | Tomb:3   | Noticed a greater mummy
 87462 | Tomb:3   | Noticed a greater mummy
 87683 | Tomb:3   | Noticed a greater mummy
 88143 | Tomb:2   | Killed a greater mummy
 88453 | Tomb:3   | Noticed a greater mummy
 88896 | Tomb:2   | Killed a greater mummy
 89474 | Tomb:2   | Killed a greater mummy
 89724 | Tomb:2   | Killed a greater mummy
 90030 | Tomb:3   | Noticed a greater mummy
 90049 | Tomb:2   | Killed a greater mummy
 90192 | Tomb:3   | Noticed a greater mummy
 90211 | Tomb:2   | Killed a greater mummy
 90671 | Tomb:3   | Received a gift from Okawaru
 91126 | Tomb:3   | Noticed a greater mummy
 91135 | Tomb:3   | Killed a greater mummy
 91173 | Tomb:3   | Noticed a greater mummy
 91470 | Tomb:3   | Killed a greater mummy
 91530 | Tomb:3   | Noticed an ancient lich
 91539 | Tomb:3   | Killed an ancient lich
 91928 | Tomb:3   | Got a golden rune of Zot
 92213 | Tomb:3   | Got a pair of smoking gloves
 92216 | Tomb:3   | Identified the +2 pair of gloves "Vengyfar" {rF+ MR+ Slay+3} (You found it on level 3 of the Tomb of the Ancients)
 92513 | Tomb:3   | Identified the Reference Book on the Mountains
 92515 | Tomb:3   | Identified the Grimoire of Vitriolic Companions
 92518 | Tomb:3   | Got a bound ruby amulet
 92520 | Tomb:3   | Got a heavily runed steel ring
 92569 | Tomb:3   | Identified the amulet of the Dragon {+Rage Int+2} (You found it on level 3 of the Tomb of the Ancients)
 92573 | Tomb:3   | Identified the ring "Gurcheos" {Fire Dex+2} (You found it on level 3 of the Tomb of the Ancients)
 92594 | Tomb:3   | Got a pair of ichor-stained gloves
 92605 | Tomb:3   | Identified the +1 pair of gloves of the Devil {Dex+3} (You found it on level 3 of the Tomb of the Ancients)
 92646 | Tomb:3   | Got a twitching bone ring
 92647 | Tomb:3   | Identified the ring of Ocrudep {rC- MR+ AC+2 Int+7} (You found it on level 3 of the Tomb of the Ancients)
 93713 | Lair:1   | Lost mutation: You are weak. (Str -2) [potion of cure mutation]
 93713 | Lair:1   | Lost mutation: Your body sometimes deteriorates upon taking damage. [potion of cure mutation]
 93713 | Lair:1   | Lost mutation: You are frail (-10% HP). [potion of cure mutation]
 93713 | Lair:1   | Lost mutation: Your spells are a little easier to cast, but a little less powerful. [potion of cure mutation]
 93713 | Lair:1   | Lost mutation: Scrolls take you a little longer to read. [potion of cure mutation]
 94430 | Zot:5    | Received a gift from Okawaru
 94438 | Zot:5    | Got a slimy crystal plate armour {god gift}
 94439 | Zot:5    | Identified the +5 crystal plate armour of Itzarr {rF++ MR- rCorr Str+2} (Okawaru gifted it to you on level 5 of the Realm of Zot)
 94496 | Zot:5    | Noticed an ancient lich
 94506 | Zot:5    | Killed an ancient lich
 94525 | Zot:5    | Reached skill level 5 in Stealth
 94527 | Zot:5    | Noticed an ancient lich
 94538 | Zot:5    | Killed an ancient lich
 94547 | Zot:5    | Noticed an orb of fire
 94560 | Zot:5    | Noticed an ancient lich
 94560 | Zot:5    | Gained mutation: You are dopey. (Int -2) [an orb of fire]
 94566 | Zot:5    | Killed an orb of fire
 94576 | Zot:5    | Killed an ancient lich
 94675 | Zot:5    | Noticed an orb of fire
 94677 | Zot:5    | Gained mutation: Scrolls take you a little longer to read. [an orb of fire]
 94684 | Zot:5    | Killed an orb of fire
 94684 | Zot:5    | Reached skill level 15 in Invocations
 94885 | Zot:5    | Noticed an orb of fire
 94898 | Zot:5    | Killed an orb of fire
 95057 | Zot:5    | Received a gift from Okawaru
 95080 | Zot:5    | Received a gift from Okawaru
 95092 | Zot:5    | Noticed an orb of fire
 95102 | Zot:5    | Killed an orb of fire
 95135 | Zot:5    | Noticed an orb of fire
 95225 | Zot:5    | Received a gift from Okawaru
 95229 | Zot:5    | Gained mutation: You sometimes yell uncontrollably at your foes. [an orb of fire]
 95233 | Zot:5    | Gained mutation: You tend to lose your temper in combat. [an orb of fire]
 95237 | Zot:5    | Gained mutation: You have large cloven feet. [an orb of fire]
 95239 | Zot:5    | Killed an orb of fire
 95239 | Zot:5    | Reached skill level 10 in Necromancy
 95288 | Zot:5    | Gained mutation: You frequently scream uncontrollably at your foes. [a Zot trap]
 95288 | Zot:5    | Gained mutation: Armour fits poorly on your strangely shaped body. [a Zot trap]
 95428 | Zot:5    | Noticed an ancient lich
 95446 | Zot:5    | Killed an ancient lich
 95684 | Hell     | Entered the Vestibule of Hell
 95684 | Hell     | Noticed Geryon
 95699 | Hell     | Killed Geryon
 96016 | Hell     | Cast into level 2 of the Abyss (hell knight)
 96433 | Abyss:2  | Gained mutation: You are weak. (Str -2) [a neqoxec]
 96455 | Hell     | Escaped the Abyss
 97119 | Hell     | Found a gateway to the freezing wastes of Cocytus.
 97185 | Hell     | Found a gateway to the decaying netherworld of Tartarus.
 97228 | Hell     | Found a gateway to the ashen valley of Gehenna.
 97315 | Hell     | Found a gateway to the Iron City of Dis.
 97504 | Tar:1    | Entered Level 1 of Tartarus
 97558 | Dis:1    | Entered Level 1 of the Iron City of Dis
 97905 | Dis:1    | Received a gift from Okawaru
 98644 | Dis:2    | Gained mutation: Scrolls take you longer to read. [mutagenic glow]
 98940 | Dis:2    | Gained mutation: Your magical capacity is low (-10% MP). [mutagenic glow]
 98989 | Dis:2    | Gained mutation: You are very weak. (Str -4) [mutagenic glow]
 99808 | Dis:3    | Reached skill level 15 in Evocations
 99881 | Dis:3    | Received a gift from Okawaru
 99994 | Dis:3    | Received a gift from Okawaru
101040 | Dis:4    | Received a gift from Okawaru
101220 | Dis:5    | Found a huge runed gate.
101220 | Dis:5    | Found a huge runed gate.
101220 | Dis:5    | Found a huge runed gate.
101220 | Dis:5    | Found a huge runed gate.
101220 | Dis:5    | Found a huge runed gate.
101220 | Dis:5    | Found a huge runed gate.
101220 | Dis:5    | Found a huge runed gate.
101220 | Dis:5    | Found a huge runed gate.
101220 | Dis:5    | Found a huge runed gate.
101220 | Dis:5    | Found a huge runed gate.
101233 | Dis:5    | Found a huge runed gate.
101233 | Dis:5    | Found a huge runed gate.
101247 | Dis:5    | Reached skill level 10 in Transmutations
101254 | Dis:5    | Mangled by a reaper

Skill      XL: |  1  2  3  4  5  6  7  8  9 10 11 12 13 14 15 16 17 18 19 20 21 22 23 24 25 26 27 |
---------------+----------------------------------------------------------------------------------+-----
Fighting       | 4 5 6 7 9 10 11 12 13 15 16 17 18 19 20 21 23 26 27 | 27.0
Shields        | 4 5 7 9 11 13 14 15 17 18 19 21 22 23 25 26 27 | 27.0
Armour         | 4 5 6 7 9 10 11 12 13 14 15 16 17 18 19 21 24 27 | 27.0
Long Blades    | 3 4 5 6 8 10 11 13 15 16 17 18 19 20 21 22 24 25 26 27 | 27.0
Dodging        | 1 2 4 5 6 7 9 |  9.6
Invocations    | 2 3 4 18 | 18.9
Stealth        | 1 2 8 |  8.3
Evocations     | 1 2 15 | 15.3
Throwing       | 2 |  2.4
Unarmed Combat | 2 |  2.7
Spellcasting   | 9 |  9.6
Transmutations | 10 | 10.0
Necromancy     | 11 | 11.5

Action                   |  1- 3 |  4- 6 |  7- 9 | 10-12 | 13-15 | 16-18 | 19-21 | 22-24 | 25-27 || total
-------------------------+-------+-------+-------+-------+-------+-------+-------+-------+-------++-------
Melee: Long sword        |    92 |   287 |   187 |       |       |       |       |       |       ||   566
       Headbutt          |    16 |    43 |    67 |   154 |   390 |   456 |   619 |   784 |  1562 ||  4091
       Scimitar          |       |       |   174 |   772 |  1132 |       |       |       |       ||  2078
       Demon blade       |       |       |       |       |   505 |  1575 |  2004 |  1902 |  2740 ||  8726
       Double sword      |       |       |       |       |       |       |       |       |  1534 ||  1534
Invok: Heroism           |       |       |     7 |     6 |    16 |     3 |     5 |     7 |    19 ||    63
       Finesse           |       |       |       |     2 |     4 |       |     1 |       |       ||     7
Evoke: Wand              |       |       |     1 |       |     3 |       |     6 |    10 |     7 ||    27
  Use: Potion            |       |     2 |     1 |     2 |       |     3 |     3 |     3 |     8 ||    22
       Scroll            |       |       |     8 |    27 |    13 |    17 |    10 |    11 |    33 ||   119
  Eat: Chunk             |     1 |     9 |     9 |    23 |    31 |    27 |    29 |    18 |    44 ||   191
       Fruit             |       |       |     3 |     1 |     2 |     9 |     7 |    17 |     7 ||    46
       Pizza             |       |       |       |     1 |     2 |     2 |     1 |       |     3 ||     9
       Beef jerky        |       |       |       |       |       |       |     1 |     7 |    20 ||    28
       Royal jelly       |       |       |       |       |       |       |       |       |    12 ||    12
       Meat ration       |       |       |       |       |       |       |       |       |     7 ||     7
Armor: Chain mail        |    68 |   132 |   128 |    90 |       |       |       |   150 |       ||   568
       Crystal plate arm |       |       |       |   301 |   375 |       |       |       |       ||   676
       Gold dragon armou |       |       |       |       |   555 |   619 |   670 |   357 |  1528 ||  3729
       Plate armour      |       |       |       |       |       |    28 |       |       |       ||    28
Dodge: Dodged            |    26 |    59 |    79 |   200 |   447 |   310 |   318 |   310 |  1248 ||  2997
Block: Shield            |    51 |   166 |   199 |   493 |  1429 |   166 |   489 |       |   546 ||  3539
       Large shield      |       |       |       |       |       |  1862 |  1509 |  2001 |  4807 || 10179
       Reflection        |       |       |       |       |       |   175 |    92 |    85 |   104 ||   456
